Boston Bruins vs Toronto Maple Leafs
Created - Thursday, October 10, 2024 at 08:57
Goals
|
| Boston Bruins |
1 |
1 |
0 |
2 |
| Toronto Maple Leafs |
1 |
1 |
1 |
3 |
|
Shots
|
| Boston Bruins |
7 |
18 |
11 |
36 |
| Toronto Maple Leafs |
17 |
7 |
12 |
36 |
|
1st period
1. Toronto Maple Leafs , Sam Bennett 6 (Scott Laughton 10) at 1:40
2. Boston Bruins , Alex Newhook 12 (Angus Crookshank 5, Cam York 13) at 11:38
Penalties :
Aaron Ekblad (TOR) for Tripping (Minor) at 3:28
2nd period
3. Boston Bruins , Ryan Strome 20 (Michael Rasmussen 12, Morgan Geekie 18) at 9:13
4. Toronto Maple Leafs , Brady Tkachuk 14 (Tomas Hertl 20) at 16:53 (PP)
Penalties :
Troy Terry (TOR) for Roughing (Minor) at 0:47, Dougie Hamilton (TOR) for Holding (Minor) at 3:13, Nick Bjugstad (TOR) for Fighting (Major) at 12:28, Matt Grzelcyk (BOS) for Fighting (Major) at 12:28, Michael Kesselring (BOS) for Holding (Minor) at 16:50
3rd period
5. Toronto Maple Leafs , Nino Niederreiter 7 (Dougie Hamilton 14, Cam Talbot) at 9:59
Penalties :
Brady Tkachuk (TOR) for Hooking (Minor) at 10:21, Aaron Ekblad (TOR) for Cross-checking (Minor) at 17:59
Goalie Stats
Pyotr Kochetkov (BOS), 33 saves from 36 shots - (0.917), L, 14-5-4, 59:01 minutes
Cam Talbot (TOR), 34 saves from 36 shots - (0.944), W, 17-6-2, 60:00 minutes
Players Stats for Boston Bruins
Player Name G A P +/- PIM S H SB GA TA FO MP PP MP PK MP
------------------------------------------------------------------------------------
Aatu Raty 0 0 0 0 0 2 0 0 0 0 1/6 8:43 0:00 0:00
Alex Newhook 1 0 1 1 0 3 0 0 1 0 10/22 18:21 4:38 0:00
Alex Vlasic 0 0 0 -1 0 0 1 0 0 1 0/0 22:50 5:13 0:03
Anders Lee 0 0 0 1 0 1 1 0 0 0 0/1 18:21 4:38 0:00
Angus Crookshank 0 1 1 0 0 3 1 0 0 1 0/0 10:23 0:22 0:00
Anthony Beauvillier 0 0 0 0 0 4 0 2 0 0 0/0 10:23 0:22 0:00
Cam York 0 1 1 -1 0 1 2 1 1 0 0/0 22:50 5:13 0:03
Drew O'Connor 0 0 0 -1 0 4 0 2 2 0 1/1 12:33 0:00 0:03
Jack Studnicka 0 0 0 -1 0 0 3 0 0 0 4/10 12:30 0:00 0:00
Joel Farabee 0 0 0 1 0 3 2 1 0 0 0/0 18:21 4:38 0:00
John Ludvig 0 0 0 -1 0 1 1 3 0 0 0/0 15:15 0:00 0:00
John-Jason Peterka 0 0 0 -1 0 1 0 0 1 0 0/1 14:10 0:22 0:00
Matt Grzelcyk 0 0 0 2 5 2 1 0 0 1 0/0 19:49 4:42 0:00
Michael Kesselring 0 0 0 -1 2 1 1 1 0 0 0/0 16:52 0:00 0:00
Michael Rasmussen 0 1 1 0 0 3 2 1 0 0 0/0 19:10 4:55 0:00
Morgan Geekie 0 1 1 0 0 3 0 0 0 0 0/2 18:43 4:55 0:00
Nick Perbix 0 0 0 2 0 1 3 1 0 0 0/0 21:55 4:42 0:00
Ryan Strome 1 0 1 0 0 3 2 1 1 0 9/20 18:46 4:55 0:03
Players Stats for Toronto Maple Leafs
Player Name G A P +/- PIM S H SB GA TA FO MP PP MP PK MP
------------------------------------------------------------------------------------
Aaron Ekblad 0 0 0 -1 4 2 3 4 0 1 0/0 20:46 0:03 3:06
Andrew Mangiapane 0 0 0 -1 0 3 2 0 1 1 0/0 17:14 0:03 4:31
Brady Tkachuk 1 0 1 -1 2 2 0 0 0 0 1/2 15:04 0:03 0:29
Brandon Saad 0 0 0 2 0 3 0 1 0 0 1/1 8:07 0:00 0:00
Cody Ceci 0 0 0 1 0 2 1 0 0 0 0/0 21:12 0:00 4:37
Dougie Hamilton 0 1 1 0 2 0 0 0 0 2 0/0 17:01 0:03 0:22
Mario Ferraro 0 0 0 1 0 0 0 0 0 0 0/0 21:08 0:00 5:18
Nick Bjugstad 0 0 0 -1 5 1 2 0 0 0 9/18 16:44 0:00 4:55
Nicolas Roy 0 0 0 -1 0 1 2 1 1 0 0/2 18:20 0:00 4:55
Nino Niederreiter 1 0 1 -1 0 3 2 0 0 0 1/1 12:40 0:00 0:00
Quinton Byfield 0 0 0 0 0 5 1 0 1 0 0/0 15:07 0:00 0:00
Ryan Pulock 0 0 0 -1 0 1 0 1 0 0 0/0 23:11 0:00 4:37
Sam Bennett 1 0 1 2 0 2 1 0 0 1 0/0 7:22 0:00 0:00
Scott Laughton 0 1 1 2 0 2 2 0 0 0 6/8 12:48 0:00 4:41
Sean Walker 0 0 0 0 0 0 1 0 0 1 0/0 17:42 0:00 1:50
Tomas Hertl 0 1 1 -1 0 4 0 0 0 0 12/16 13:34 0:03 0:00
Troy Terry 0 0 0 0 2 3 0 1 0 0 0/0 15:06 0:00 0:00
Wyatt Johnston 0 0 0 0 0 2 1 2 0 0 8/15 16:53 0:00 0:19
3 Stars
1 - Sam Bennett (TOR)
2 - Cam Talbot (TOR)
3 - Scott Laughton (TOR)
Power Play
Boston Bruins - 0 on 5 Attempt(s) - 0.00%
Toronto Maple Leafs - 1 on 1 Attempt(s) - 100.00%
Penalty Kill
Boston Bruins - 0 on 1 Attempt(s) - 0.00%
- Score 0 goal in Penalty Kill
Toronto Maple Leafs - 5 on 5 Attempt(s) - 100.00%
- Score 0 goal in Penalty Kill
Team Stat
Boston Bruins - Hits : 20 - Faceoff Wins : 25 - Blocked Shots : 13 - Penalty Minutes : 7
Toronto Maple Leafs - Hits : 18 - Faceoff Wins : 38 - Blocked Shots : 10 - Penalty Minutes : 15
Official
Referees : Chris Schlenker and Ghislain Hebert
Linesman : Tyson Baker and CJ Murray
Game Notes
Nick Bjugstad beats up Matt Grzelcyk at 12:28 of 2nd period
Finance
Level 1 -- Attendance: 5708 (95.13%) -- Ticket Income $536,552
Level 2 -- Attendance: 4682 (93.64%) -- Ticket Income $252,828
Level 3 -- Attendance: 3000 (100.00%) -- Ticket Income $99,000
Level 4 -- Attendance: 4592 (91.84%) -- Ticket Income $96,432
Luxury Box -- Attendance: 975 (97.50%) -- Ticket Income $188,175
Game was played at the Air Canada Centre.
Total Attendance: 18957 (94.79%)
Total Ticket Income: $1,172,987
Other Income: $410,545
Total Income: $1,583,532
Boston Bruins
5 vs 5 Forward
Center Left Wing Right Wing Time % Phy DF OF
1 Alex Newhook Anders Lee Joel Farabee 30 1 2 2
2 Ryan Strome Michael Rasmussen Morgan Geekie 30 1 2 2
3 Jack Studnicka Drew O'Connor John-Jason Peterka 25 1 2 2
4 Aatu Raty Angus Crookshank Anthony Beauvillier 15 1 2 2
5 vs 5 Defense
Defense Defense Time % Phy DF OF
1 Cam York Alex Vlasic 35 1 2 2
2 Nick Perbix Matt Grzelcyk 35 1 2 2
3 Michael Kesselring John Ludvig 30 1 2 2
4 Cam York Alex Vlasic 0 1 2 2
PowerPlay Forward
Center Left Wing Right Wing Time % Phy DF OF
1 Alex Newhook Anders Lee Joel Farabee 50 1 2 2
2 Ryan Strome Michael Rasmussen Morgan Geekie 50 1 2 2
PowerPlay Defense
Defense Defense Time % Phy DF OF
1 Cam York Alex Vlasic 50 1 2 2
2 Nick Perbix Matt Grzelcyk 50 1 2 2
Penalty Kill 4 Players Forward
Center Wing Time % Phy DF OF
1 Alex Newhook Joel Farabee 50 1 2 2
2 Ryan Strome Anders Lee 50 1 2 2
Penalty Kill 4 Players Defense
Defense Defense Time % Phy DF OF
1 Cam York Alex Vlasic 50 1 2 2
2 Nick Perbix Matt Grzelcyk 50 1 2 2
Penalty Kill - 3 Players Forward
Forward Time % Phy DF OF
1 Alex Newhook 50 1 2 2
2 Joel Farabee 50 1 2 2
Penalty Kill - 3 Players Defense
Defense Defense Time % Phy DF OF
1 Cam York Alex Vlasic 50 1 2 2
2 Nick Perbix Matt Grzelcyk 50 1 2 2
4 vs 4 Forward
Center Wing Time % Phy DF OF
1 Alex Newhook Joel Farabee 50 1 2 2
2 Ryan Strome Anders Lee 50 1 2 2
4 vs 4 Defense
Defense Defense Time % Phy DF OF
1 Cam York Alex Vlasic 50 1 2 2
2 Nick Perbix Matt Grzelcyk 50 1 2 2
Last Minutes Offensive
Center Left Wing Right Wing Defense Defense
Alex Newhook Anders Lee Joel Farabee Cam York Alex Vlasic
Last Minutes Defensive
Center Left Wing Right Wing Defense Defense
Alex Newhook Anders Lee Joel Farabee Cam York Alex Vlasic
Goaltenders
Starting : Pyotr Kochetkov
Backup : Trent Miner
Extra Forwards
Normal : Angus Crookshank, John-Jason Peterka, Drew O'Connor - PP : Angus Crookshank, John-Jason Peterka - PK : Drew O'Connor
Extra Defensemen
Normal : Michael Kesselring, John Ludvig, Nick Perbix - PP : Michael Kesselring - PK : John Ludvig, Nick Perbix
Penalty Shots
Alex Newhook, Joel Farabee, Ryan Strome, Anders Lee, Michael Rasmussen
Scratches
Tyson Barrie (Healthy), Fabian Lysell (Healthy), Beck Malenstyn (Healthy), Samuel Bolduc (Healthy), Jacob Moverare (Healthy)
Olivier Rodrigue (Sprained Right Knee Injury)
Toronto Maple Leafs
5 vs 5 Forward
Center Left Wing Right Wing Time % Phy DF OF
1 Tomas Hertl Brady Tkachuk Nicolas Roy 30 1 2 2
2 Wyatt Johnston Quinton Byfield Troy Terry 30 1 2 2
3 Nick Bjugstad Nino Niederreiter Andrew Mangiapane 25 1 2 2
4 Scott Laughton Sam Bennett Brandon Saad 15 1 2 2
5 vs 5 Defense
Defense Defense Time % Phy DF OF
1 Aaron Ekblad Ryan Pulock 33 1 2 2
2 Mario Ferraro Cody Ceci 32 1 2 2
3 Sean Walker Dougie Hamilton 31 1 2 2
4 Mario Ferraro Cody Ceci 4 1 2 2
PowerPlay Forward
Center Left Wing Right Wing Time % Phy DF OF
1 Tomas Hertl Brady Tkachuk Troy Terry 50 1 2 2
2 Wyatt Johnston Quinton Byfield Brandon Saad 50 1 2 2
PowerPlay Defense
Defense Defense Time % Phy DF OF
1 Dougie Hamilton Aaron Ekblad 50 1 2 2
2 Ryan Pulock Sean Walker 50 1 2 2
Penalty Kill 4 Players Forward
Center Wing Time % Phy DF OF
1 Nick Bjugstad Nicolas Roy 50 1 2 2
2 Scott Laughton Andrew Mangiapane 50 1 2 2
Penalty Kill 4 Players Defense
Defense Defense Time % Phy DF OF
1 Aaron Ekblad Mario Ferraro 50 1 2 2
2 Cody Ceci Ryan Pulock 50 1 2 2
Penalty Kill - 3 Players Forward
Forward Time % Phy DF OF
1 Nick Bjugstad 50 1 2 2
2 Scott Laughton 50 1 2 2
Penalty Kill - 3 Players Defense
Defense Defense Time % Phy DF OF
1 Mario Ferraro Aaron Ekblad 50 1 2 2
2 Cody Ceci Ryan Pulock 50 1 2 2
4 vs 4 Forward
Center Wing Time % Phy DF OF
1 Scott Laughton Troy Terry 50 1 2 2
2 Wyatt Johnston Brady Tkachuk 50 1 2 2
4 vs 4 Defense
Defense Defense Time % Phy DF OF
1 Cody Ceci Mario Ferraro 50 1 2 2
2 Aaron Ekblad Ryan Pulock 50 1 2 2
Last Minutes Offensive
Center Left Wing Right Wing Defense Defense
Tomas Hertl Brady Tkachuk Nick Bjugstad Aaron Ekblad Dougie Hamilton
Last Minutes Defensive
Center Left Wing Right Wing Defense Defense
Tomas Hertl Scott Laughton Nick Bjugstad Aaron Ekblad Ryan Pulock
Goaltenders
Starting : Cam Talbot
Backup : Frederik Andersen
Extra Forwards
Normal : Scott Laughton, Brandon Saad, Andrew Mangiapane - PP : Andrew Mangiapane, Sam Bennett - PK : Andrew Mangiapane
Extra Defensemen
Normal : Sean Walker, Dougie Hamilton, Mario Ferraro - PP : Cody Ceci - PK : Sean Walker, Dougie Hamilton
Penalty Shots
Dougie Hamilton, Nick Bjugstad, Quinton Byfield, Troy Terry, Nicolas Roy
Scratches
Bowen Byram (Healthy), Kyle Okposo (Healthy), Warren Foegele (Healthy), Luke Schenn (Healthy), Pierre Engvall (Healthy)
% Time on Ice - Boston Bruins
Lines # - Real PCT - Wanted PCT - Time Play
Normal Forward
1 - 29% - 30% - 14:42
2 - 28% - 30% - 14:07
3 - 25% - 25% - 12:30
4 - 17% - 15% - 8:43
Normal Defense
1 - 35% - 35% - 17:34
2 - 34% - 35% - 17:13
3 - 30% - 30% - 15:15
4 - 0% - 0% - 0:00
PP Forward
1 - 48% - 50% - 4:46
2 - 52% - 50% - 5:09
PP Defense
1 - 53% - 50% - 5:13
2 - 47% - 50% - 4:42
PK Forward
1 - 0% - 50% - 0:00
2 - 100% - 50% - 0:03
PK Defense
1 - 100% - 50% - 0:03
2 - 0% - 50% - 0:00
PK3 Forward
1 - 0% - 50%
2 - 0% - 50%
PK3 Defense
1 - 0% - 50%
2 - 0% - 50%
44 Forward
1 - 0% - 50%
2 - 0% - 50%
44 Defense
1 - 0% - 50%
2 - 0% - 50%
Last Minute Offensive - 0:00
Last Minute Defensive - 0:00
Total
Forward - 60:00
Defense - 60:00
|
% Time on Ice - Toronto Maple Leafs
Lines # - Real PCT - Wanted PCT - Time Play
Normal Forward
1 - 30% - 30% - 14:53
2 - 30% - 30% - 15:07
3 - 25% - 25% - 12:40
4 - 15% - 15% - 7:22
Normal Defense
1 - 35% - 33% - 17:36
2 - 32% - 32% - 16:06
3 - 32% - 31% - 15:51
4 - 1% - 4% - 0:29
PP Forward
1 - 100% - 50% - 0:03
2 - 0% - 50% - 0:00
PP Defense
1 - 100% - 50% - 0:03
2 - 0% - 50% - 0:00
PK Forward
1 - 51% - 50% - 5:06
2 - 49% - 50% - 4:49
PK Defense
1 - 53% - 50% - 5:18
2 - 47% - 50% - 4:37
PK3 Forward
1 - 0% - 50%
2 - 0% - 50%
PK3 Defense
1 - 0% - 50%
2 - 0% - 50%
44 Forward
1 - 0% - 50%
2 - 0% - 50%
44 Defense
1 - 0% - 50%
2 - 0% - 50%
Last Minute Offensive - 0:00
Last Minute Defensive - 0:00
Total
Forward - 60:00
Defense - 60:00
|
Play-by-Play
1st period
0:01 of 1st period - Tomas Hertl wins face-off versus Anders Lee in neutral zone.
0:12 of 1st period - Snap shot by Alex Newhook.
0:12 of 1st period - Deflect By Anders Lee.
0:12 of 1st period - Stopped by Cam Talbot without a rebound.
0:13 of 1st period - Ryan Strome wins face-off versus Wyatt Johnston in Toronto Maple Leafs zone.
0:38 of 1st period - Morgan Geekie is hit by Scott Laughton.
1:40 of 1st period - Snap shot by Sam Bennett.
1:40 of 1st period - Goal by Sam Bennett - Boston Bruins : 0 - Toronto Maple Leafs : 1.
1:41 of 1st period - Jack Studnicka wins face-off versus Nick Bjugstad in neutral zone.
1:43 of 1st period - Off-side.
1:44 of 1st period - Drew O'Connor wins face-off versus Nick Bjugstad in neutral zone.
2:37 of 1st period - Slapshot by Drew O'Connor.
2:37 of 1st period - Stopped by Cam Talbot with a rebound.
2:41 of 1st period - Wrist shot by John-Jason Peterka.
2:41 of 1st period - Deflect By Drew O'Connor.
2:41 of 1st period - Shot Misses the Net.
2:41 of 1st period - Puck is out of play.
2:42 of 1st period - Tomas Hertl wins face-off versus Alex Newhook in Toronto Maple Leafs zone.
2:55 of 1st period - Snap shot by Tomas Hertl.
2:55 of 1st period - Shot Misses the Net.
2:57 of 1st period - Slapshot by Aaron Ekblad.
2:57 of 1st period - Deflect By Alex Newhook.
2:57 of 1st period - Stopped by Pyotr Kochetkov with a rebound.
2:59 of 1st period - Snap shot by Nicolas Roy.
2:59 of 1st period - Deflect By Brady Tkachuk.
2:59 of 1st period - Shot Misses the Net.
2:59 of 1st period - Puck is out of play.
3:00 of 1st period - Wyatt Johnston wins face-off versus Aatu Raty in Boston Bruins zone.
3:11 of 1st period - Snap shot by Troy Terry.
3:11 of 1st period - Stopped by Pyotr Kochetkov with a rebound.
3:28 of 1st period - Minor Penalty to Aaron Ekblad for Tripping.
3:29 of 1st period - Alex Newhook wins face-off versus Nicolas Roy in Toronto Maple Leafs zone.
5:28 of 1st period - Penalty to Aaron Ekblad is over, Aaron Ekblad is back on ice.
5:30 of 1st period - Nick Bjugstad is hit by Alex Vlasic.
6:42 of 1st period - Wrist shot by Andrew Mangiapane.
6:42 of 1st period - Shot Misses the Net.
6:54 of 1st period - Wrist shot by Tomas Hertl.
6:54 of 1st period - Stopped by Pyotr Kochetkov without a rebound.
6:55 of 1st period - Tomas Hertl wins face-off versus Morgan Geekie in Boston Bruins zone.
6:56 of 1st period - Snap shot by Brady Tkachuk.
6:56 of 1st period - Shot Blocked by Cam York.
7:06 of 1st period - Snap shot by Morgan Geekie.
7:06 of 1st period - Stopped by Cam Talbot with a rebound.
7:28 of 1st period - Snap shot by Nicolas Roy.
7:28 of 1st period - Shot Misses the Net.
7:30 of 1st period - Snap shot by Brady Tkachuk.
7:30 of 1st period - Shot Misses the Net.
7:36 of 1st period - Wrist shot by Brady Tkachuk.
7:36 of 1st period - Shot Misses the Net.
7:38 of 1st period - Snap shot by Nicolas Roy.
7:38 of 1st period - Shot Misses the Net.
8:07 of 1st period - Snap shot by Tomas Hertl.
8:07 of 1st period - Shot Misses the Net.
8:17 of 1st period - Slapshot by Tomas Hertl.
8:17 of 1st period - Stopped by Pyotr Kochetkov with a rebound.
8:27 of 1st period - Wrist shot by Tomas Hertl.
8:27 of 1st period - Shot Blocked by Anthony Beauvillier.
8:29 of 1st period - Slapshot by Cody Ceci.
8:29 of 1st period - Stopped by Pyotr Kochetkov without a rebound.
8:30 of 1st period - Wyatt Johnston wins face-off versus Alex Newhook in Boston Bruins zone.
8:37 of 1st period - Snap shot by Quinton Byfield.
8:37 of 1st period - Stopped by Pyotr Kochetkov with a rebound.
8:55 of 1st period - Nick Perbix is hit by Nick Bjugstad and loses puck.
9:00 of 1st period - Snap shot by Nick Bjugstad.
9:00 of 1st period - Shot Misses the Net.
9:22 of 1st period - Backhand shot by Sam Bennett.
9:22 of 1st period - Shot Misses the Net.
9:40 of 1st period - Wrist shot by Joel Farabee.
9:40 of 1st period - Stopped by Cam Talbot with a rebound.
9:52 of 1st period - Wyatt Johnston is hit by Jack Studnicka and loses puck.
10:07 of 1st period - Wrist shot by Nick Bjugstad.
10:07 of 1st period - Shot Blocked by Michael Rasmussen.
10:09 of 1st period - Snap shot by Nick Bjugstad.
10:09 of 1st period - Stopped by Pyotr Kochetkov with a rebound.
10:11 of 1st period - Snap shot by Andrew Mangiapane.
10:11 of 1st period - Stopped by Pyotr Kochetkov with a rebound.
10:13 of 1st period - Slapshot by Sean Walker.
10:13 of 1st period - Deflect By Nino Niederreiter.
10:13 of 1st period - Shot Misses the Net.
10:13 of 1st period - Puck is out of play.
10:14 of 1st period - Alex Newhook wins face-off versus Wyatt Johnston in Boston Bruins zone.
11:06 of 1st period - Morgan Geekie is hit by Sam Bennett and loses puck.
11:19 of 1st period - Aaron Ekblad is hit by Cam York and loses puck.
11:38 of 1st period - Snap shot by Alex Newhook.
11:38 of 1st period - Goal by Alex Newhook - Boston Bruins : 1 - Toronto Maple Leafs : 1.
11:39 of 1st period - Wyatt Johnston wins face-off versus Alex Newhook in neutral zone.
11:48 of 1st period - Snap shot by Troy Terry.
11:48 of 1st period - Deflect By Wyatt Johnston.
11:48 of 1st period - Shot Misses the Net.
11:48 of 1st period - Puck is out of play.
11:49 of 1st period - Alex Newhook wins face-off versus Wyatt Johnston in Boston Bruins zone.
13:40 of 1st period - Snap shot by Troy Terry.
13:40 of 1st period - Stopped by Pyotr Kochetkov without a rebound.
13:41 of 1st period - Nino Niederreiter wins face-off versus Jack Studnicka in Boston Bruins zone.
13:50 of 1st period - Snap shot by Nino Niederreiter.
13:50 of 1st period - Shot Misses the Net.
14:06 of 1st period - Michael Rasmussen is hit by Nicolas Roy and loses puck.
14:35 of 1st period - Snap shot by Scott Laughton.
14:35 of 1st period - Shot Blocked by John Ludvig.
15:51 of 1st period - Angus Crookshank is hit by Nicolas Roy and loses puck.
16:10 of 1st period - Icing by Andrew Mangiapane.
16:11 of 1st period - Nick Bjugstad wins face-off versus Aatu Raty in Toronto Maple Leafs zone.
16:54 of 1st period - Snap shot by Andrew Mangiapane.
16:54 of 1st period - Shot Misses the Net.
16:56 of 1st period - Wrist shot by Andrew Mangiapane.
16:56 of 1st period - Stopped by Pyotr Kochetkov without a rebound.
16:57 of 1st period - Nick Bjugstad wins face-off versus Jack Studnicka in Boston Bruins zone.
17:04 of 1st period - Wrist shot by Nick Bjugstad.
17:04 of 1st period - Shot Misses the Net.
17:06 of 1st period - Snap shot by Nick Bjugstad.
17:06 of 1st period - Shot Blocked by Drew O'Connor.
17:08 of 1st period - Backhand shot by Andrew Mangiapane.
17:08 of 1st period - Shot Blocked by John Ludvig.
17:10 of 1st period - Snap shot by Andrew Mangiapane.
17:10 of 1st period - Shot Misses the Net.
17:12 of 1st period - Wrist shot by Ryan Pulock.
17:12 of 1st period - Stopped by Pyotr Kochetkov without a rebound.
17:13 of 1st period - Alex Newhook wins face-off versus Nicolas Roy in Boston Bruins zone.
17:20 of 1st period - Wrist shot by Anders Lee.
17:20 of 1st period - Shot Misses the Net.
17:38 of 1st period - Ryan Strome is hit by Cody Ceci and loses puck.
17:47 of 1st period - Snap shot by Michael Rasmussen.
17:47 of 1st period - Stopped by Cam Talbot with a rebound.
18:07 of 1st period - Snap shot by Drew O'Connor.
18:07 of 1st period - Shot Misses the Net.
18:09 of 1st period - Backhand shot by Michael Kesselring.
18:09 of 1st period - Shot Blocked by Aaron Ekblad.
18:11 of 1st period - Backhand shot by Drew O'Connor.
18:11 of 1st period - Shot Misses the Net.
18:13 of 1st period - Slapshot by John Ludvig.
18:13 of 1st period - Stopped by Cam Talbot without a rebound.
18:14 of 1st period - Tomas Hertl wins face-off versus Alex Newhook in Toronto Maple Leafs zone.
18:25 of 1st period - Wrist shot by Tomas Hertl.
18:25 of 1st period - Stopped by Pyotr Kochetkov without a rebound.
18:26 of 1st period - Wyatt Johnston wins face-off versus Alex Newhook in Boston Bruins zone.
18:27 of 1st period - Snap shot by Quinton Byfield.
18:27 of 1st period - Stopped by Pyotr Kochetkov with a rebound.
18:29 of 1st period - Snap shot by Quinton Byfield.
18:29 of 1st period - Shot Misses the Net.
18:31 of 1st period - Wrist shot by Wyatt Johnston.
18:31 of 1st period - Stopped by Pyotr Kochetkov with a rebound.
18:33 of 1st period - Slapshot by Aaron Ekblad.
18:33 of 1st period - Shot Misses the Net.
18:35 of 1st period - Wrist shot by Quinton Byfield.
18:35 of 1st period - Stopped by Pyotr Kochetkov with a rebound.
18:37 of 1st period - Slapshot by Aaron Ekblad.
18:37 of 1st period - Shot Misses the Net.
18:58 of 1st period - Slapshot by Brady Tkachuk.
18:58 of 1st period - Stopped by Pyotr Kochetkov without a rebound.
18:59 of 1st period - Ryan Strome wins face-off versus Nick Bjugstad in Boston Bruins zone.
19:04 of 1st period - Nino Niederreiter is hit by Michael Rasmussen and loses puck.
19:25 of 1st period - Nick Bjugstad is hit by Cam York and loses puck.
19:38 of 1st period - Wrist shot by Andrew Mangiapane.
19:38 of 1st period - Shot Misses the Net.
19:40 of 1st period - Slapshot by Andrew Mangiapane.
19:40 of 1st period - Shot Misses the Net.
19:42 of 1st period - Slapshot by Cody Ceci.
19:42 of 1st period - Deflect By Andrew Mangiapane.
19:42 of 1st period - Deflect By John Ludvig.
19:42 of 1st period - Shot Blocked by John Ludvig.
19:42 of 1st period - Puck is out of play.
19:43 of 1st period - Alex Newhook wins face-off versus Wyatt Johnston in Boston Bruins zone.
Goals for this period are 1 for Boston Bruins vs 1 for Toronto Maple Leafs.
Shots for this period are 7 for Boston Bruins vs 17 for Toronto Maple Leafs.
2nd period
0:01 of 2nd period - Tomas Hertl wins face-off versus Alex Newhook in neutral zone.
0:03 of 2nd period - Off-side.
0:04 of 2nd period - Alex Newhook wins face-off versus Brady Tkachuk in neutral zone.
0:47 of 2nd period - Minor Penalty to Troy Terry for Roughing.
0:48 of 2nd period - Nick Bjugstad wins face-off versus Ryan Strome in Toronto Maple Leafs zone.
2:47 of 2nd period - Penalty to Troy Terry is over, Troy Terry is back on ice.
2:58 of 2nd period - Wyatt Johnston is hit by Jack Studnicka and loses puck.
3:03 of 2nd period - Snap shot by Drew O'Connor.
3:03 of 2nd period - Stopped by Cam Talbot with a rebound.
3:05 of 2nd period - Snap shot by John-Jason Peterka.
3:05 of 2nd period - Shot Blocked by Wyatt Johnston.
3:07 of 2nd period - Slapshot by Michael Kesselring.
3:07 of 2nd period - Shot Blocked by Troy Terry.
3:13 of 2nd period - Minor Penalty to Dougie Hamilton for Holding.
3:14 of 2nd period - Nick Bjugstad wins face-off versus Alex Newhook in Toronto Maple Leafs zone.
3:39 of 2nd period - Nick Perbix is hit by Andrew Mangiapane and loses puck.
5:08 of 2nd period - Wyatt Johnston is hit by Angus Crookshank and loses puck.
5:13 of 2nd period - Penalty to Dougie Hamilton is over, Dougie Hamilton is back on ice.
6:07 of 2nd period - Snap shot by John-Jason Peterka.
6:07 of 2nd period - Shot Misses the Net.
6:09 of 2nd period - Slapshot by Cam York.
6:09 of 2nd period - Shot Misses the Net.
6:11 of 2nd period - Wrist shot by Anthony Beauvillier.
6:11 of 2nd period - Stopped by Cam Talbot without a rebound.
6:12 of 2nd period - Alex Newhook wins face-off versus Nick Bjugstad in Toronto Maple Leafs zone.
6:18 of 2nd period - Snap shot by Joel Farabee.
6:18 of 2nd period - Shot Misses the Net.
6:20 of 2nd period - Snap shot by Anders Lee.
6:20 of 2nd period - Shot Misses the Net.
6:22 of 2nd period - Snap shot by Joel Farabee.
6:22 of 2nd period - Stopped by Cam Talbot with a rebound.
6:24 of 2nd period - Snap shot by Joel Farabee.
6:24 of 2nd period - Deflect By Nick Bjugstad.
6:24 of 2nd period - Shot Misses the Net.
6:24 of 2nd period - Puck is out of play.
6:25 of 2nd period - Nick Bjugstad wins face-off versus Ryan Strome in Toronto Maple Leafs zone.
6:47 of 2nd period - Nick Bjugstad is hit by Ryan Strome and loses puck.
7:04 of 2nd period - Snap shot by Andrew Mangiapane.
7:04 of 2nd period - Stopped by Pyotr Kochetkov without a rebound.
7:05 of 2nd period - Brandon Saad wins face-off versus Alex Newhook in Boston Bruins zone.
7:06 of 2nd period - Wrist shot by Scott Laughton.
7:06 of 2nd period - Deflect By Brandon Saad.
7:06 of 2nd period - Shot Blocked by Joel Farabee.
7:06 of 2nd period - Puck is out of play.
7:07 of 2nd period - Scott Laughton wins face-off versus Alex Newhook in Boston Bruins zone.
7:08 of 2nd period - Slapshot by Sam Bennett.
7:08 of 2nd period - Shot Misses the Net.
7:36 of 2nd period - Slapshot by Troy Terry.
7:36 of 2nd period - Shot Misses the Net.
7:38 of 2nd period - Slapshot by Quinton Byfield.
7:38 of 2nd period - Stopped by Pyotr Kochetkov without a rebound.
7:39 of 2nd period - Ryan Strome wins face-off versus Wyatt Johnston in Boston Bruins zone.
7:49 of 2nd period - Snap shot by Ryan Strome.
7:49 of 2nd period - Shot Misses the Net.
7:51 of 2nd period - Snap shot by Morgan Geekie.
7:51 of 2nd period - Stopped by Cam Talbot with a rebound.
7:53 of 2nd period - Snap shot by Ryan Strome.
7:53 of 2nd period - Shot Misses the Net.
7:55 of 2nd period - Snap shot by Morgan Geekie.
7:55 of 2nd period - Shot Misses the Net.
8:05 of 2nd period - Wyatt Johnston is hit by Nick Perbix and loses puck.
8:32 of 2nd period - Wrist shot by Angus Crookshank.
8:32 of 2nd period - Shot Misses the Net.
8:34 of 2nd period - Snap shot by Anthony Beauvillier.
8:34 of 2nd period - Shot Misses the Net.
8:36 of 2nd period - Slapshot by Michael Kesselring.
8:36 of 2nd period - Deflect By Anthony Beauvillier.
8:36 of 2nd period - Stopped by Cam Talbot with a rebound.
8:38 of 2nd period - Backhand shot by Aatu Raty.
8:38 of 2nd period - Stopped by Cam Talbot without a rebound.
8:39 of 2nd period - Tomas Hertl wins face-off versus Jack Studnicka in Toronto Maple Leafs zone.
8:54 of 2nd period - Slapshot by Brady Tkachuk.
8:54 of 2nd period - Shot Misses the Net.
9:05 of 2nd period - Icing by Nino Niederreiter.
9:06 of 2nd period - Ryan Strome wins face-off versus Nick Bjugstad in Toronto Maple Leafs zone.
9:07 of 2nd period - Snap shot by Morgan Geekie.
9:07 of 2nd period - Shot Misses the Net.
9:09 of 2nd period - Snap shot by Morgan Geekie.
9:09 of 2nd period - Shot Misses the Net.
9:11 of 2nd period - Wrist shot by Michael Rasmussen.
9:11 of 2nd period - Stopped by Cam Talbot with a rebound.
9:13 of 2nd period - Snap shot by Ryan Strome.
9:13 of 2nd period - Goal by Ryan Strome - Boston Bruins : 2 - Toronto Maple Leafs : 1.
9:14 of 2nd period - Ryan Strome wins face-off versus Tomas Hertl in neutral zone.
9:29 of 2nd period - Snap shot by Ryan Strome.
9:29 of 2nd period - Shot Misses the Net.
9:39 of 2nd period - Tomas Hertl is hit by Joel Farabee and loses puck.
10:02 of 2nd period - Andrew Mangiapane is hit by Jack Studnicka and loses puck.
10:57 of 2nd period - Snap shot by Michael Rasmussen.
10:57 of 2nd period - Stopped by Cam Talbot without a rebound.
10:58 of 2nd period - Jack Studnicka wins face-off versus Nick Bjugstad in Toronto Maple Leafs zone.
11:46 of 2nd period - Wrist shot by Alex Newhook.
11:46 of 2nd period - Shot Misses the Net.
11:48 of 2nd period - Slapshot by Michael Kesselring.
11:48 of 2nd period - Stopped by Cam Talbot without a rebound.
11:49 of 2nd period - Alex Newhook wins face-off versus Wyatt Johnston in Toronto Maple Leafs zone.
12:02 of 2nd period - Snap shot by Joel Farabee.
12:02 of 2nd period - Stopped by Cam Talbot with a rebound.
12:04 of 2nd period - Snap shot by Alex Vlasic.
12:04 of 2nd period - Deflect By Alex Newhook.
12:04 of 2nd period - Stopped by Cam Talbot without a rebound.
12:05 of 2nd period - Tomas Hertl wins face-off versus John-Jason Peterka in Toronto Maple Leafs zone.
12:11 of 2nd period - Wrist shot by Drew O'Connor.
12:11 of 2nd period - Shot Misses the Net.
12:13 of 2nd period - Wrist shot by Drew O'Connor.
12:13 of 2nd period - Stopped by Cam Talbot with a rebound.
12:15 of 2nd period - Wrist shot by Jack Studnicka.
12:15 of 2nd period - Shot Blocked by Aaron Ekblad.
12:17 of 2nd period - Slapshot by Cam York.
12:17 of 2nd period - Stopped by Cam Talbot without a rebound.
12:18 of 2nd period - Ryan Strome wins face-off versus Nick Bjugstad in Toronto Maple Leafs zone.
12:19 of 2nd period - Snap shot by Morgan Geekie.
12:19 of 2nd period - Stopped by Cam Talbot without a rebound.
12:20 of 2nd period - Nick Bjugstad wins face-off versus Morgan Geekie in Toronto Maple Leafs zone.
12:28 of 2nd period - Nick Bjugstad beats up Matt Grzelcyk.
12:28 of 2nd period - Penalty to Nick Bjugstad for Fighting.
12:28 of 2nd period - Penalty to Matt Grzelcyk for Fighting.
12:29 of 2nd period - Brady Tkachuk wins face-off versus Ryan Strome in Toronto Maple Leafs zone.
13:23 of 2nd period - Joel Farabee is hit by Nino Niederreiter and loses puck.
13:42 of 2nd period - Wrist shot by Aatu Raty.
13:42 of 2nd period - Shot Misses the Net.
13:44 of 2nd period - Slapshot by Alex Vlasic.
13:44 of 2nd period - Shot Blocked by Nicolas Roy.
14:00 of 2nd period - Slapshot by Troy Terry.
14:00 of 2nd period - Shot Blocked by Nick Perbix.
14:02 of 2nd period - Slapshot by Cody Ceci.
14:02 of 2nd period - Shot Blocked by Ryan Strome.
15:01 of 2nd period - Wrist shot by Wyatt Johnston.
15:01 of 2nd period - Stopped by Pyotr Kochetkov without a rebound.
15:02 of 2nd period - Tomas Hertl wins face-off versus Aatu Raty in Boston Bruins zone.
15:03 of 2nd period - Snap shot by Nicolas Roy.
15:03 of 2nd period - Stopped by Pyotr Kochetkov without a rebound.
15:04 of 2nd period - Tomas Hertl wins face-off versus Aatu Raty in Boston Bruins zone.
15:19 of 2nd period - Snap shot by Angus Crookshank.
15:19 of 2nd period - Stopped by Cam Talbot with a rebound.
15:21 of 2nd period - Snap shot by Angus Crookshank.
15:21 of 2nd period - Stopped by Cam Talbot without a rebound.
15:22 of 2nd period - Jack Studnicka wins face-off versus Wyatt Johnston in Toronto Maple Leafs zone.
15:29 of 2nd period - Snap shot by Wyatt Johnston.
15:29 of 2nd period - Shot Misses the Net.
16:01 of 2nd period - Wrist shot by Troy Terry.
16:01 of 2nd period - Stopped by Pyotr Kochetkov with a rebound.
16:50 of 2nd period - Minor Penalty to Michael Kesselring for Holding.
16:51 of 2nd period - Tomas Hertl wins face-off versus Ryan Strome in Boston Bruins zone.
16:53 of 2nd period - Slapshot by Brady Tkachuk.
16:53 of 2nd period - Goal by Brady Tkachuk - Boston Bruins : 2 - Toronto Maple Leafs : 2.
16:54 of 2nd period - Scott Laughton wins face-off versus Ryan Strome in neutral zone.
17:13 of 2nd period - Michael Rasmussen is hit by Aaron Ekblad and loses puck.
17:34 of 2nd period - Wrist shot by Tomas Hertl.
17:34 of 2nd period - Stopped by Pyotr Kochetkov with a rebound.
17:50 of 2nd period - Ryan Strome is hit by Sean Walker and loses puck.
18:01 of 2nd period - Slapshot by Nick Perbix.
18:01 of 2nd period - Stopped by Cam Talbot without a rebound.
18:02 of 2nd period - Wyatt Johnston wins face-off versus Jack Studnicka in Toronto Maple Leafs zone.
18:44 of 2nd period - Icing by Joel Farabee.
18:45 of 2nd period - Aatu Raty wins face-off versus Nick Bjugstad in Boston Bruins zone.
18:52 of 2nd period - Snap shot by Anthony Beauvillier.
18:52 of 2nd period - Shot Misses the Net.
19:24 of 2nd period - Icing by Drew O'Connor.
19:25 of 2nd period - Jack Studnicka wins face-off versus Scott Laughton in Boston Bruins zone.
19:53 of 2nd period - Nicolas Roy is hit by Nick Perbix.
Goals for this period are 1 for Boston Bruins vs 1 for Toronto Maple Leafs.
Shots for this period are 18 for Boston Bruins vs 7 for Toronto Maple Leafs.
3rd period
0:01 of 3rd period - Nick Bjugstad wins face-off versus Ryan Strome in neutral zone.
0:12 of 3rd period - Wrist shot by Nino Niederreiter.
0:12 of 3rd period - Stopped by Pyotr Kochetkov with a rebound.
0:50 of 3rd period - Alex Vlasic is hit by Quinton Byfield and loses puck.
1:11 of 3rd period - Wrist shot by Ryan Strome.
1:11 of 3rd period - Shot Misses the Net.
1:13 of 3rd period - Slapshot by Matt Grzelcyk.
1:13 of 3rd period - Stopped by Cam Talbot with a rebound.
1:15 of 3rd period - Slapshot by Matt Grzelcyk.
1:15 of 3rd period - Shot Blocked by Brandon Saad.
1:17 of 3rd period - Slapshot by Matt Grzelcyk.
1:17 of 3rd period - Deflect By Scott Laughton.
1:17 of 3rd period - Stopped by Cam Talbot with a rebound.
2:11 of 3rd period - Wrist shot by Drew O'Connor.
2:11 of 3rd period - Stopped by Cam Talbot with a rebound.
2:13 of 3rd period - Wrist shot by John-Jason Peterka.
2:13 of 3rd period - Shot Blocked by Wyatt Johnston.
2:15 of 3rd period - Wrist shot by John-Jason Peterka.
2:15 of 3rd period - Stopped by Cam Talbot with a rebound.
2:33 of 3rd period - Snap shot by Brandon Saad.
2:33 of 3rd period - Stopped by Pyotr Kochetkov without a rebound.
2:34 of 3rd period - Scott Laughton wins face-off versus Ryan Strome in Boston Bruins zone.
2:41 of 3rd period - Snap shot by Scott Laughton.
2:41 of 3rd period - Shot Misses the Net.
2:43 of 3rd period - Wrist shot by Brandon Saad.
2:43 of 3rd period - Stopped by Pyotr Kochetkov with a rebound.
2:45 of 3rd period - Slapshot by Cody Ceci.
2:45 of 3rd period - Stopped by Pyotr Kochetkov without a rebound.
2:46 of 3rd period - Ryan Strome wins face-off versus Tomas Hertl in Boston Bruins zone.
3:14 of 3rd period - Wrist shot by Ryan Strome.
3:14 of 3rd period - Stopped by Cam Talbot without a rebound.
3:15 of 3rd period - Nick Bjugstad wins face-off versus Alex Newhook in Toronto Maple Leafs zone.
3:42 of 3rd period - Icing by Joel Farabee.
3:43 of 3rd period - Wyatt Johnston wins face-off versus Alex Newhook in Boston Bruins zone.
4:01 of 3rd period - Snap shot by Alex Newhook.
4:01 of 3rd period - Stopped by Cam Talbot without a rebound.
4:02 of 3rd period - Tomas Hertl wins face-off versus Ryan Strome in Toronto Maple Leafs zone.
4:43 of 3rd period - Cody Ceci is hit by Michael Kesselring and loses puck.
5:13 of 3rd period - Cody Ceci is hit by Joel Farabee and loses puck.
5:56 of 3rd period - Snap shot by Andrew Mangiapane.
5:56 of 3rd period - Deflect By Nino Niederreiter.
5:56 of 3rd period - Stopped by Pyotr Kochetkov with a rebound.
6:20 of 3rd period - Wrist shot by Anthony Beauvillier.
6:20 of 3rd period - Stopped by Cam Talbot without a rebound.
6:21 of 3rd period - Wyatt Johnston wins face-off versus Aatu Raty in Toronto Maple Leafs zone.
6:54 of 3rd period - Anthony Beauvillier is hit by Aaron Ekblad and loses puck.
7:01 of 3rd period - Snap shot by Troy Terry.
7:01 of 3rd period - Shot Misses the Net.
7:03 of 3rd period - Slapshot by Aaron Ekblad.
7:03 of 3rd period - Shot Blocked by Anthony Beauvillier.
7:32 of 3rd period - Snap shot by Quinton Byfield.
7:32 of 3rd period - Stopped by Pyotr Kochetkov with a rebound.
7:52 of 3rd period - Snap shot by Anthony Beauvillier.
7:52 of 3rd period - Stopped by Cam Talbot with a rebound.
7:54 of 3rd period - Wrist shot by Aatu Raty.
7:54 of 3rd period - Stopped by Cam Talbot with a rebound.
7:56 of 3rd period - Slapshot by Anthony Beauvillier.
7:56 of 3rd period - Shot Misses the Net.
7:58 of 3rd period - Slapshot by Alex Vlasic.
7:58 of 3rd period - Shot Misses the Net.
8:00 of 3rd period - Slapshot by Angus Crookshank.
8:00 of 3rd period - Stopped by Cam Talbot without a rebound.
8:01 of 3rd period - Ryan Strome wins face-off versus Tomas Hertl in Toronto Maple Leafs zone.
8:02 of 3rd period - Snap shot by Michael Rasmussen.
8:02 of 3rd period - Shot Blocked by Ryan Pulock.
8:05 of 3rd period - Icing by Aaron Ekblad.
8:06 of 3rd period - Tomas Hertl wins face-off versus Ryan Strome in Toronto Maple Leafs zone.
8:59 of 3rd period - Wrist shot by Jack Studnicka.
8:59 of 3rd period - Shot Misses the Net.
9:59 of 3rd period - Wrist shot by Nino Niederreiter.
9:59 of 3rd period - Goal by Nino Niederreiter - Boston Bruins : 2 - Toronto Maple Leafs : 3.
10:00 of 3rd period - Alex Newhook wins face-off versus Tomas Hertl in neutral zone.
10:21 of 3rd period - Minor Penalty to Brady Tkachuk for Hooking.
10:22 of 3rd period - Alex Newhook wins face-off versus Nick Bjugstad in Toronto Maple Leafs zone.
11:09 of 3rd period - Matt Grzelcyk is hit by Andrew Mangiapane and loses puck.
12:21 of 3rd period - Penalty to Brady Tkachuk is over, Brady Tkachuk is back on ice.
12:29 of 3rd period - Slapshot by Dougie Hamilton.
12:29 of 3rd period - Shot Misses the Net.
12:37 of 3rd period - Quinton Byfield is hit by Matt Grzelcyk and loses puck.
13:33 of 3rd period - Jack Studnicka is hit by Scott Laughton and loses puck.
13:58 of 3rd period - Alex Newhook is hit by Nick Bjugstad and loses puck.
14:13 of 3rd period - Matt Grzelcyk is hit by Wyatt Johnston and loses puck.
15:12 of 3rd period - Icing by Mario Ferraro.
15:13 of 3rd period - Wyatt Johnston wins face-off versus Ryan Strome in Toronto Maple Leafs zone.
15:34 of 3rd period - John-Jason Peterka is hit by Aaron Ekblad and loses puck.
15:39 of 3rd period - Wrist shot by Sam Bennett.
15:39 of 3rd period - Stopped by Pyotr Kochetkov with a rebound.
15:41 of 3rd period - Wrist shot by Brandon Saad.
15:41 of 3rd period - Shot Misses the Net.
15:43 of 3rd period - Slapshot by Scott Laughton.
15:43 of 3rd period - Stopped by Pyotr Kochetkov without a rebound.
15:44 of 3rd period - Nick Bjugstad wins face-off versus Alex Newhook in Boston Bruins zone.
15:57 of 3rd period - Andrew Mangiapane is hit by Anders Lee and loses puck.
16:20 of 3rd period - Off-side.
16:21 of 3rd period - Scott Laughton wins face-off versus Jack Studnicka in neutral zone.
16:26 of 3rd period - Snap shot by Aaron Ekblad.
16:26 of 3rd period - Shot Blocked by Drew O'Connor.
16:28 of 3rd period - Slapshot by Brandon Saad.
16:28 of 3rd period - Stopped by Pyotr Kochetkov with a rebound.
16:30 of 3rd period - Snap shot by Scott Laughton.
16:30 of 3rd period - Stopped by Pyotr Kochetkov with a rebound.
16:32 of 3rd period - Slapshot by Aaron Ekblad.
16:32 of 3rd period - Stopped by Pyotr Kochetkov without a rebound.
16:33 of 3rd period - Scott Laughton wins face-off versus Jack Studnicka in Boston Bruins zone.
16:40 of 3rd period - Backhand shot by Scott Laughton.
16:40 of 3rd period - Shot Blocked by Michael Kesselring.
16:42 of 3rd period - Snap shot by Sean Walker.
16:42 of 3rd period - Shot Misses the Net.
16:44 of 3rd period - Snap shot by Scott Laughton.
16:44 of 3rd period - Shot Misses the Net.
16:58 of 3rd period - Nick Bjugstad is hit by John Ludvig and loses puck.
17:10 of 3rd period - Michael Kesselring is hit by Nino Niederreiter and loses puck.
17:49 of 3rd period - Snap shot by Ryan Strome.
17:49 of 3rd period - Stopped by Cam Talbot with a rebound.
17:51 of 3rd period - Snap shot by Ryan Strome.
17:51 of 3rd period - Shot Blocked by Aaron Ekblad.
17:53 of 3rd period - Snap shot by Cam York.
17:53 of 3rd period - Shot Blocked by Aaron Ekblad.
17:59 of 3rd period - Minor Penalty to Aaron Ekblad for Cross-checking.
18:00 of 3rd period - Scott Laughton wins face-off versus Ryan Strome in Toronto Maple Leafs zone.
18:06 of 3rd period - Icing by Alex Vlasic.
18:07 of 3rd period - Ryan Strome wins face-off versus Scott Laughton in Boston Bruins zone.
18:14 of 3rd period - Cody Ceci is hit by Michael Rasmussen and loses puck.
18:42 of 3rd period - Mario Ferraro is hit by Ryan Strome and loses puck.
19:01 of 3rd period - Boston Bruins, Pyotr Kochetkov is pulled from the net.
19:55 of 3rd period - Sean Walker is hit by Nick Perbix and loses puck.
19:59 of 3rd period - Penalty to Aaron Ekblad is over, Aaron Ekblad is back on ice.
Goals for this period are 0 for Boston Bruins vs 1 for Toronto Maple Leafs.
Shots for this period are 11 for Boston Bruins vs 12 for Toronto Maple Leafs.
Back to the Top